 Dungeon Crawl Stone Soup version 0.28-a0-991-g956f0ee3d5 (webtiles) character file.

Game seed: 10735037560437589989

8029 wotkd0121004 the Covert (level 11, -1/70 HPs)
             Began as an Octopode Earth Elementalist on Dec 4, 2021.
             Was an Initiate of Gozag.
             Slain by a killer bee (9 damage)
             ... on level 10 of the Dungeon.
             The game lasted 00:36:49 (13361 turns).

wotkd0121004 the Covert (OpEE)                     Turns: 13361, Time: 00:36:50

Health: -1/70      AC:  1    Str:  9    XL:     11   Next: 24%
Magic:  4/19       EV: 15    Int: 25    God:    Gozag
Gold:   640        SH:  0    Dex: 12    Spells: 17/21 levels left

rFire   . . .      SeeInvis .   t - +7 short sword "Hunnees" {holy, Str+2 Int+2}
rCold   . . .      Faith    .   (no shield)
rNeg    . . .      Spirit   .   (helmet restricted)
rPois   .          Reflect  .   (no amulet)
rElec   .          Harm     .   (no ring)
rCorr   .          Rampage  .   (no ring)
Will    .....                   (no ring)
Stlth   ++++++....              (no ring)
HPRegen 0.21/turn               (no ring)
MPRegen 0.16/turn               (no ring)
                                (no ring)
                                (no ring)

@: gold aura
A: almost no armour, amphibious, 8 rings, camouflage 1, gelatinous body 1,
(nimble swimmer 1), tentacles
a: Renounce Religion, Potion Petition, Call Merchant, Bribe Branch


You were on level 10 of the Dungeon.
You worshipped Gozag.
Gozag was pleased with you.
You visited 2 branches of the dungeon, and saw 11 of its levels.
You also visited: Sewer.

You collected 1585 gold pieces.
You spent 789 gold pieces at shops.
You paid 156 gold pieces to Gozag.

Inventory:

Hand Weapons
 t - the +7 short sword "Hunnees" (weapon) {holy, Str+2 Int+2}
   (You found it in a sewer)

   It has been blessed by the Shining One to cause great damage to the undead
   and demons.
   Str:       It affects your strength (+2).
   Int:       It affects your intelligence (+2).
Missiles
 a - 107 arrows
 k - 19 stones
 r - 28 poisoned darts (quivered)
Magical Staves
 y - a staff of death
Jewellery
 g - a ring of ice
Wands
 p - a wand of flame (2)
 q - a wand of charming (3)
 B - a wand of acid (12)
 C - a wand of polymorph (9)
Scrolls
 c - a scroll of enchant armour
 h - 2 scrolls of torment {unknown}
 l - 2 scrolls of immolation {unknown}
 o - 5 scrolls of teleportation
 v - 3 scrolls of amnesia {unknown}
 x - 3 scrolls of fog {unknown}
 z - a scroll of magic mapping {unknown}
 D - a scroll of vulnerability {unknown}
 E - 3 scrolls of enchant weapon {unknown}
 F - a scroll of summoning
Potions
 d - 2 potions of cancellation
 e - 2 potions of magic
 f - a potion of heal wounds
 i - a potion of might
 j - a potion of berserk rage
 m - a potion of brilliance
 n - 3 potions of ambrosia {unknown}
 s - a potion of attraction {unknown}
 u - 2 potions of invisibility {unknown}
 w - a potion of experience {unknown}
Miscellaneous
 b - a box of beasts


   Skills:
 - Level 4.6 Fighting
 + Level 6.1 Dodging
 * Level 11.9 Stealth
 + Level 5.6 Spellcasting
 + Level 4.6 Conjurations
 + Level 2.4 Necromancy
 + Level 5.6 Transmutations
 * Level 8.7 Earth Magic
 + Level 2.5 Evocations


You had 17 spell levels left.
You knew the following spells:

 Your Spells              Type           Power      Damage    Failure   Level
a - Sandblast             Erth           100%       2d20      1%          1
b - Stone Arrow           Conj/Erth      80%        3d12      1%          3

Your spell library contained the following spells:

 Spells                   Type           Power      Damage    Failure   Level
 Passwall                 Tmut/Erth      35%        N/A       1%          2
 Foxfire                  Conj/Fire      72%        2x1d7     3%          1
 Petrify                  Tmut/Erth      43%        N/A       4%          4
 Conjure Flame            Conj/Fire      18%        6-21      9%          3
 Ensorcelled Hibernation  Hex/Ice        14%        N/A       12%         2
 Blade Hands              Tmut           17%        N/A       22%         5
 Inner Flame              Hex/Fire       7%         N/A       24%         3
 Tukima's Dance           Hex            7%         N/A       24%         3
 Irradiate                Conj/Tmut      16%        3d18      26%         5
 Flame Wave               Conj/Fire      18%        2d5       30%         4
 Yara's Violent Unravell  Hex/Tmut       10%        3d6       56%         5
 Passage of Golubria      Tloc           7%         N/A       61%         4
 Dragon Form              Tmut           17%        N/A       100%        7


Dungeon Overview and Level Annotations

Branches:
Dungeon (10/15)            Temple (1/1) D:5             Orc (0/2) D:9
  Sewer (visited)
   Lair: D:8-11

Altars:
Ashenzari
Cheibriados
Dithmenos
Elyvilon
Fedhas
Gozag
Hepliaklqana
Kikubaaqudgha
Makhleb
Nemelex Xobeh
Okawaru
Qazlal
Ru
Sif Muna
Trog
Uskayaw
Vehumet
Wu Jian
Xom
Yredelemnul
Zin
The Shining One

Shops:
D:3 *   D:9 *:

Annotations:
D:7 2 runed translucent doors, McGhostyFace's ghost, novice GnWz


Innate Abilities, Weirdness & Mutations

You cannot wear most types of armour.
You are amphibious.
You can wear up to eight rings at the same time.
Your skin changes colour to match your surroundings (Stealth+).
Your rubbery body absorbs attacks. (AC +1, EV +1)
((You are camouflaged near water. (Stealth+)))
You have tentacles for arms and can constrict up to eight enemies at once.


Message History

Press: ? - help, Shift-Dir - straight line, f/p - killer bee
Aim: a killer bee (almost dead, 51% to hit)
The stone arrow hits the killer bee!!
You kill the killer bee!
The killer bee stings you! The killer bee misses you.
Unknown command.
Casting: Stone Arrow (safe; 1% risk of failure)
Confirm with . or Enter, or press ? or * to list all spells.
Aiming: Stone Arrow (safe; 1% risk of failure)
Press: ? - help, Shift-Dir - straight line, f - killer bee
Aim: a killer bee (51% to hit)
The stone arrow hits the killer bee!
The killer bee is almost dead.
The killer bee misses you. The killer bee closely misses you.
The killer bee stings you!
The killer bee is distracted by your dazzling golden aura.
The killer bee buzzes angrily.
Casting: Stone Arrow (safe; 1% risk of failure)
Confirm with . or Enter, or press ? or * to list all spells.
Aiming: Stone Arrow (safe; 1% risk of failure)
Press: ? - help, Shift-Dir - straight line, f/p - killer bee
Aim: a killer bee (almost dead, 51% to hit)
The stone arrow hits the killer bee!!
You kill the killer bee!
You hear a bellow!
The killer bee is no longer distracted by gold.
The killer bee stings you.
* * * LOW HITPOINT WARNING * * *
The killer bee stings you!
* * * LOW HITPOINT WARNING * * *
Casting: Stone Arrow (safe; 1% risk of failure)
Confirm with . or Enter, or press ? or * to list all spells.
Aiming: Stone Arrow (safe; 1% risk of failure)
Press: ? - help, Shift-Dir - straight line, f - killer bee
Aim: a killer bee (51% to hit)
The stone arrow hits the killer bee!
The killer bee is almost dead.
The killer bee stings you!
You die...
Your body crumbles into a pile of gold.

#.#.#......#
#.#.#.......
###...........
.............
###.........
.........#.#..#.#
..####.#.#.#.#.#..#.#.#
......$@$..#........#.#
[..###$#y#............
.....#.###.#....#
###.#.#<###.#....#
..............#..# #
.................#.#
y....#..............#
...............#<.#.#
###.......#.###..#


You could see a killer bee.

Vanquished Creatures
  A two-headed ogre (D:9)
  Pikel (D:4)
  A harpy (shapeshifter) (D:9)
  5 slime creatures (D:9)
  3 yaks (D:9)
  A steam dragon (D:9)
  Grum (D:9)
  Menkaure (D:5)
  Edmund (D:4)
  An acid dragon (D:5)
  Duvessa (D:4)
  2 water moccasins
  2 orc warriors
  2 ice beasts
  3 sky beasts
  A necrophage (D:4)
  2 ogres (D:5)
  3 black bears
  2 centaurs
  3 lemures
  3 wolves (D:9)
  2 kobold brigands
  2 bullfrogs
  3 scorpions
  A wyvern zombie (D:7)
  Dowan (D:4)
  8 killer bees
  2 water moccasin skeletons
  3 howler monkeys
  4 centaur zombies
  3 jellies (D:5)
  A bullfrog zombie (D:5)
  2 orc priests
  2 gnoll shamans
  An iguana (D:6)
  9 orc wizards
  3 killer bee zombies
  A hound zombie (D:5)
  A hound skeleton (D:5)
  15 gnolls
  11 adders
  5 river rats (Sewer)
  An ufetubus (D:7)
  2 worms
  5 dart slugs
  35 orcs
  10 endoplasms
  7 giant cockroaches
  4 hobgoblins
  10 quokkas
  10 ball pythons
  9 bats
  4 frilled lizards
  6 goblins
  21 kobolds
  An orc zombie (D:5)
  23 rats
  A rat zombie (D:5)
269 creatures vanquished.

Vanquished Creatures (collateral kills)
  Sigmund (D:3)
  An ice beast (D:5)
  A necrophage (D:5)
  A hound (D:5)
  An iguana (D:5)
5 creatures vanquished.

Vanquished Creatures (others)
  A slime creature (D:9)
1 creature vanquished.

Grand Total: 275 creatures vanquished

Notes
Turn   | Place    | Note
-------+----------+-------------------------------------------
     0 | D:1      | wotkd0121004 the Octopode Earth Elementalist began the
                  | quest for the Orb.
     0 | D:1      | Reached XP level 1. HP: 11/11 MP: 3/3
   373 | D:1      | Reached skill level 3 in Stealth
   453 | D:1      | Reached XP level 2. HP: 17/17 MP: 3/5
   716 | D:1      | Found a faded altar of an unknown god.
  1230 | D:1      | Reached XP level 3. HP: 21/22 MP: 3/6
  1624 | D:2      | Reached skill level 4 in Stealth
  2012 | D:2      | Reached skill level 1 in Fighting
  2012 | D:2      | Reached XP level 4. HP: 21/28 MP: 7/7
  2722 | D:3      | Noticed Sigmund
  2737 | D:3      | Killed Sigmund
  2738 | D:3      | Reached skill level 5 in Stealth
  2738 | D:3      | Reached XP level 5. HP: 12/34 MP: 1/9
  2738 | D:3      | Reached XP level 6. HP: 13/39 MP: 1/10
  3143 | D:3      | Found Ovocw's Assorted Antiques.
  3604 | D:4      | Noticed Duvessa
  3604 | D:4      | Noticed Pikel
  3707 | D:4      | You fall into a shaft and drop 1 floor!
  3707 | D:5      | Entered Level 5 of the Dungeon
  3716 | D:5      | Noticed a necrophage
  3748 | D:5      | Noticed an ice beast
  3758 | D:5      | Killed an ice beast
  3759 | D:5      | Reached skill level 6 in Stealth
  3759 | D:5      | Reached XP level 7. HP: 28/45 MP: 8/11
  3813 | D:4      | Reached skill level 5 in Earth Magic
  3846 | D:4      | Found a glowing drain.
  3869 | Sewer    | Entered a sewer
  4187 | Sewer    | Identified the +7 short sword "Hunnees" {holy, Str+2 Int+2}
  4219 | Sewer    | Learned a level 3 spell: Stone Arrow
  4503 | Sewer    | Reached skill level 7 in Stealth
  4503 | Sewer    | Reached XP level 8. HP: 45/51 MP: 6/13
  4928 | D:4      | Noticed Dowan
  5036 | D:4      | Killed Duvessa
  5037 | D:4      | Reached skill level 1 in Conjurations
  5183 | D:4      | Killed Dowan
  5455 | D:4      | Killed Pikel
  5456 | D:4      | Reached skill level 8 in Stealth
  5665 | D:4      | Noticed Edmund
  5673 | D:4      | Killed Edmund
  5674 | D:4      | Reached XP level 9. HP: 57/57 MP: 7/14
  5778 | D:5      | Noticed Menkaure
  5784 | D:5      | Killed Menkaure
  6299 | D:5      | Reached skill level 9 in Stealth
  6734 | D:5      | Found a staircase to the Ecumenical Temple.
  6741 | Temple   | Entered the Ecumenical Temple
  6982 | Temple   | Became a worshipper of Gozag Ym Sagoz the Greedy
  8143 | D:6      | Reached skill level 5 in Dodging
  8289 | D:6      | Reached skill level 10 in Stealth
  8289 | D:6      | Reached XP level 10. HP: 64/64 MP: 15/17
  8965 | D:7      | Found a large runed translucent door.
  8965 | D:7      | Found a large runed translucent door.
  8965 | D:7      | Noticed a two-headed ogre
  9004 | D:7      | Noticed McGhostyFace's ghost (novice GnWz)
 10257 | D:8      | Reached skill level 5 in Spellcasting
 10472 | D:9      | Found Rusoamuy's Assorted Antiques.
 10518 | D:9      | Noticed a harpy
 10563 | D:9      | Found a staircase to the Orcish Mines.
 10748 | D:9      | Reached skill level 5 in Transmutations
 10993 | D:9      | Found Weruum's Book Boutique.
 11001 | D:9      | Bought a book of Transfigurations for 560 gold pieces
 11098 | D:9      | HP: 3/65 [slime creature (15)]
 11595 | D:9      | Reached skill level 1 in Evocations
 11703 | D:9      | Reached skill level 1 in Necromancy
 11957 | D:9      | Found a shimmering altar of Xom.
 12001 | D:9      | Reached skill level 11 in Stealth
 12154 | D:9      | Noticed Grum
 12166 | D:9      | Killed Grum
 12519 | D:9      | Noticed a deep elf pyromancer
 12534 | D:9      | Killed a harpy
 12535 | D:9      | Reached XP level 11. HP: 63/70 MP: 8/19
 12767 | D:9      | Noticed a two-headed ogre
 12837 | D:9      | Killed a two-headed ogre
 13125 | D:9      | Noticed a deep elf pyromancer
 13222 | D:10     | Entered Level 10 of the Dungeon
 13341 | D:9      | Bought a scroll labelled UKHLOL IPSANIE for 17 gold pieces
 13341 | D:9      | Bought a scroll of summoning for 161 gold pieces
 13341 | D:9      | Bought a scroll of identify for 34 gold pieces
 13341 | D:9      | Bought a scroll labelled BADOHU LAORISM for 17 gold pieces
 13361 | D:10     | Slain by a killer bee

Illustrated notes

Levels and vault maps discovered:
D:1:      dpeg_chamrin_arrival_tetris, layout_rooms,
          chequers_ecumenical_altar_lobes
D:2:      layout_basic
D:3:      minmay_diamond_boxcup, layout_rooms, serial_shops,
          nicolae_shop_advertising_works [nicolae_subvault_shop_adworks],
          kennysheep_crisscross, wad_floor_pattern_untrapped, uniq_sigmund
D:4:      layout_rooms, portal_sewer_entry_f, hangedman_feature_mirror,
          chequers_serial_rivers_large_b, due_unseen_surprise, uniq_edmund,
          uniq_duvessa, uniq_pikel
D:5:      minmay_polygon_palace, layout_cave_pods,
          minmay_temple_entry_butterflies, enter_ossuary_3, sigmund_army,
          uniq_menkaure
D:6:      layout_loops_ring
D:7:      layout_basic, ebering_ghost_disaster_area
D:8:      layout_cave_pools, grunt_ministairs_5
D:9:      minmay_the_grid_triangle_9x9_recursive_2
          [minmay_the_grid_triangle_9x9_prize_special,
          minmay_the_grid_triangle_9x9_intruding_spiral,
          minmay_the_grid_triangle_9x9_empty,
          minmay_the_grid_triangle_9x9_wacky_v], layout_gridville,
          nicolae_overflow_hidden_temple, orc_david_3, serial_shops, shop,
          nicolae_take_the_stairs, uniq_grum
D:10:     lemuel_troll_bridge, layout_basic
Temple:   mainiacjoe_temple_hex_bubbles

Skill      XL: |  1  2  3  4  5  6  7  8  9 10 11 |
---------------+----------------------------------+-----
Stealth        | 3 4 5 6 7 8 10 11 | 11.9
Fighting       | 1 2 3 4 |  4.6
Transmutations | 2 3 4 5 |  5.6
Earth Magic    | 4 5 6 7 8 |  8.7
Dodging        | 3 4 5 6 |  6.1
Spellcasting   | 3 4 5 |  5.6
Conjurations   | 2 3 4 |  4.6
Evocations     | 2 |  2.5
Necromancy     | 1 2 |  2.4

Action                   |  1- 3 |  4- 6 |  7- 9 | 10-12 || total
-------------------------+-------+-------+-------+-------++-------
Melee: Unarmed           |     9 |       |       |       ||     9
       Tentacles         |     9 |     2 |    13 |     1 ||    25
       Constrict         |    10 |     4 |    21 |     2 ||    37
       Dagger            |    42 |    12 |     9 |       ||    63
       Short sword       |       |       |   101 |    27 ||   128
Throw: Dart              |       |       |    11 |       ||    11
       Throwing net      |       |       |     1 |       ||     1
 Cast: Sandblast         |    20 |    43 |   127 |    45 ||   235
       Stone Arrow       |       |       |    19 |   107 ||   126
Evoke: Wand              |       |       |     3 |     9 ||    12
  Use: Scroll            |     1 |     4 |     4 |     8 ||    17
       Potion            |       |     1 |     3 |     6 ||    10
 Stab: Sleeping          |    11 |     5 |    16 |     3 ||    35
Armor: Skin              |     6 |       |     7 |     6 ||    19
Dodge: Dodged            |    35 |    13 |   100 |    69 ||   217

Table legend: (Time is in decaauts)
 A = Elapsed time spent in this place.
 B = Non-inter-level travel time spent in this place.
 C = Inter-level travel time spent in this place.
 D = Time resting spent in this place.
 E = Time spent auto-exploring this place.
 F = Levels seen in this place.
 G = Mean time per level.
                   A        B        C        D        E       F      G
               +--------+--------+--------+--------+--------+-----+--------+
         Total |  13376 |  13131 |    245 |   1611 |   8650 |  12 | 1114.7 |
       Dungeon |  12074 |  11856 |    218 |   1438 |   7839 |  10 | 1207.4 |
        Temple |    272 |    245 |     27 |      0 |    202 |   1 |  272.0 |
         Sewer |   1029 |   1029 |      0 |    173 |    609 |   1 | 1029.0 |
               +--------+--------+--------+--------+--------+-----+--------+

Top non-repeatable levels by time:
     D:9: 2810 daAuts
     D:5: 1983 daAuts
     D:3: 1375 daAuts
     D:1: 1308 daAuts
     D:2: 1125 daAuts
   Sewer: 1029 daAuts
     D:4: 848 daAuts
     D:7: 838 daAuts
     D:8: 831 daAuts
     D:6: 820 daAuts
  Temple: 272 daAuts
    D:10: 131 daAuts
